 Dungeon Crawl Stone Soup version 0.22-a0-422-g9628fc8 (webtiles) character file.

189840 PegasusDuck the Warrior (level 18, -1/120 HPs)
             Began as a Tengu Wanderer on May 16, 2018.
             Was the Champion of Ashenzari.
             Slain by a wolf spider (8 damage)
             ... on level 3 of the Spider Nest on May 17, 2018.
             The game lasted 02:03:17 (41466 turns).

PegasusDuck the Warrior (Tengu Wanderer)           Turns: 41466, Time: 02:03:19

Health: -1/120     AC: 18    Str: 15    XL:     18   Next: 14%
Magic:  35/35      EV: 23    Int: 24    God:    Ashenzari [******]
Gold:   2038       SH:  0    Dex: 14    Spells: 33/41 levels left

rFire    . . .     SeeInvis +   a - +7 great sword of Piepluh {flame, Int+4} (curse)
rCold    . . .     Gourm    .   (shield currently unavailable)
rNeg     . . .     Faith    .   o - +5 ring mail {MR+} (curse)
rPois    +         Spirit   .   (helmet restricted)
rElec    .         Reflect  .   q - +2 cloak (curse)
rCorr    +         Harm     .   K - +2 pair of gloves "Otiduil" {Regen+ rCorr Int+2} (curse)
MR       ++...     Clarity  +   (boots unavailable)
Stlth    +.........             l - amulet of the acrobat (curse)
HPRegen  0.70/turn              g - ring of poison resistance (curse)
MPRegen  0.24/turn              w - ring of wizardry

@: lethally poisoned (-1 -> -2), flying quickly and evasively, quick
A: beak, talons 3, deformed body, able to fly 2
}: 1/15 runes: decaying
a: Stop Flying, Curse Item, Scrying, Transfer Knowledge, Renounce Religion


You were on level 3 of the Spider Nest.
You worshipped Ashenzari.
Ashenzari was exalted by your worship.
You were hungry.

You visited 6 branches of the dungeon, and saw 32 of its levels.
You also visited: Labyrinth.

You collected 3137 gold pieces.
You spent 1099 gold pieces at shops.

Inventory:

Hand Weapons
 a - the cursed +7 great sword of Piepluh (weapon) {flame, Int+4}
   (You bought it in a shop on level 2 of the Orcish Mines)

   It has been specially enchanted to burn those struck by it, causing extra
   injury to most foes and up to half again as much damage against particularly
   susceptible opponents.
   Big, fiery blades are also staple armaments of hydra-hunters.
   It affects your intelligence (+4).
   It has a curse placed upon it.
 x - a +3 whip of freezing
Armour
 k - the +5 ring mail "Niucef" {Slay+3}
   (You found it on level 12 of the Dungeon)

   It affects your accuracy and damage with ranged weapons and melee attacks
   (+3).
 o - a cursed +5 ring mail of magic resistance (worn)
 q - a cursed +2 cloak (worn)
 K - the cursed +2 pair of gloves "Otiduil" (worn) {Regen+ rCorr Int+2}
   (You found it on level 4 of the Lair of Beasts)

   It affects your intelligence (+2).
   It increases your rate of regeneration.
   It protects you from acid and corrosion.
   It has a curse placed upon it.
 L - a +1 buckler
Jewellery
 d - an uncursed ring of ice
 e - an uncursed ring of protection from fire
 g - a cursed ring of poison resistance (left hand)
 l - a cursed amulet of the acrobat (around neck)
 t - an uncursed ring of magical power
 w - a ring of wizardry (right hand)
 y - an uncursed ring of magical power
 F - an uncursed amulet of guardian spirit
 G - the ring "Zyschug" {Ice *Drain rPois rN+ Int+4}
   (You took it off a minotaur in a labyrinth)

   [ring of ice]

   It enhances your ice magic.
   It affects your intelligence (+4).
   It makes you vulnerable to fire.
   It protects you from cold.
   It protects you from poison.
   It protects you from negative energy.
   It causes draining when unequipped.
 J - an uncursed ring of protection from magic
 T - an uncursed ring of resist corrosion
 U - a +2 ring of intelligence
Wands
 r - a wand of random effects (27)
 u - a wand of flame (62)
 C - a wand of paralysis (3)
 D - a wand of disintegration (9)
 I - a wand of polymorph (21)
 N - a wand of iceblast (7)
Scrolls
 b - 5 scrolls of enchant weapon
 c - 5 scrolls of enchant armour
 j - 4 scrolls of amnesia
 m - 6 scrolls of magic mapping
 p - 10 scrolls of teleportation
 s - a scroll of vulnerability
 H - 4 scrolls of fog
 M - a scroll of holy word
 R - 3 scrolls of remove curse
 S - 5 scrolls of identify
Potions
 h - 6 potions of mutation
 i - 4 potions of haste
 n - 8 potions of lignification
 v - 5 potions of brilliance
 z - 4 potions of ambrosia
 A - a potion of invisibility {unknown}
 B - 9 potions of curing
 E - 3 potions of heal wounds
 P - a potion of agility
Comestibles
 f - 51 rations


   Skills:
 - Level 16.0 Fighting
   Level 0.2(9.3) Short Blades
 - Level 14.0(19.3) Long Blades
 - Level 11.5(12.1) Maces & Flails
   Level 5.7(9.5) Staves
 - Level 12.6(15.3) Armour
 - Level 12.0(14.7) Dodging
 - Level 1.0 Stealth
 - Level 4.0 Shields
 + Level 12.1 Spellcasting
 + Level 9.0(11.9) Summonings
 - Level 1.0(2.7) Evocations


You had 33 spell levels left.
You knew the following spells:

 Your Spells              Type           Power        Failure   Level  Hunger
a - Summon Butterflies    Summ           ######..     1%          1    None
b - Monstrous Menagerie   Summ           ######....   16%         7    ######.

Your spell library contained the following spells:

 Spells                   Type           Power        Failure   Level  Hunger
 Magic Dart               Conj           ###.         2%          1    None
 Fireball                 Conj/Fire      ###.......   50%         5    ###....
 Apportation              Tloc           ###...       2%          1    None
 Conjure Flame            Conj/Fire      ###.....     7%          3    None
 Lightning Bolt           Conj/Air       ###.......   50%         5    ###....
 Slow                     Hex            ###.....     3%          2    None
 Invisibility             Hex            ###.....     96%         6    #####..
 Throw Flame              Conj/Fire      ###...       3%          2    None
 Mephitic Cloud           Conj/Pois/Air  ###.....     7%          3    None
 Summon Small Mammal      Summ           ####         1%          1    None
 Blink                    Tloc           N/A          3%          2    None
 Iskenderun's Mystic Bla  Conj           ###.....     22%         4    None
 Summon Horrible Things   Summ           ######....   75%         8    #######
 Animate Dead             Necr           N/A          22%         4    None
 Pain                     Necr           ###.         2%          1    None
 Animate Skeleton         Necr           N/A          2%          1    None
 Vampiric Draining        Necr           ###.......   7%          3    None
 Sticky Flame             Conj/Fire      ###.....     22%         4    None
 Call Imp                 Summ           ######..     1%          2    None
 Regeneration             Chrm/Necr      ###.......   7%          3    None
 Tukima's Dance           Hex            ###.....     7%          3    None
 Summon Greater Demon     Summ           ######....   16%         7    ######.
 Stone Arrow              Conj/Erth      ###...       7%          3    None
 Spider Form              Tmut/Pois      ###.......   7%          3    None
 Blade Hands              Tmut           ###.......   50%         5    ###....
 Ice Form                 Ice/Tmut       ###.....     22%         4    None
 Confusing Touch          Hex            ###...       2%          1    None
 Flame Tongue             Conj/Fire      ###..        2%          1    None
 Passwall                 Tmut/Erth      ###.......   3%          2    None
 Sticks to Snakes         Tmut           ###.....     3%          2    None
 Shatter                  Erth           ###.......   100%        9    #######
 Static Discharge         Conj/Air       ###.....     7%          3    None
 Alistair's Intoxication  Tmut/Pois      ###.....     50%         5    ###....
 Lee's Rapid Deconstruct  Erth           ###.......   50%         5    ###....
 Sandblast                Erth           ###...       2%          1    None
 Petrify                  Tmut/Erth      ###.....     22%         4    None
 Malign Gateway           Summ/Tloc      #####.....   85%         7    ######.
 Tornado                  Air            ###.......   100%        9    #######
 Inner Flame              Hex/Fire       ###.....     7%          3    None
 Beastly Appendage        Tmut           ###...       2%          1    None
 Fulminant Prism          Conj/Hex       ###.......   22%         4    None
 Dazzling Spray           Conj/Hex       ###...       7%          3    None
 Force Lance              Conj/Tloc      ###.....     22%         4    None
 Searing Ray              Conj           ###...       3%          2    None
 Lesser Beckoning         Tloc           ###.......   7%          3    None
 Ignition                 Fire           ###.......   100%        8    #######


Dungeon Overview and Level Annotations

Branches:
Dungeon (15/15)            Temple (1/1) D:7            Lair (6/6) D:10
  Swamp (4/4) Lair:2       Spider (4/4) Lair:3        Slime (0/5) Lair:5
    Orc (2/2) D:11            Elf (0/3) Orc:2        Vaults (0/5) D:13
 Depths (0/5) D:15

Altars:
Ashenzari
Cheibriados
Dithmenos
Elyvilon
Fedhas
Gozag
Hepliaklqana
Kikubaaqudgha
Makhleb
Nemelex Xobeh
Okawaru
Qazlal
Ru
Sif Muna
Trog
Uskayaw
Vehumet
Wu Jian
Xom
Yredelemnul
Zin
The Shining One
Beogh

Shops:
Orc:2 (!*[

Annotations:
D:14 Roxanne
Lair:1 exclusion: oklob plant
Lair:6 1 runed door
Spider:2 exclusion: 2 oklob plants
Spider:4 Asterion


Innate Abilities, Weirdness & Mutations

You have a beak for a mouth.
You have claws for feet.
You can fly continuously.
Armour fits poorly on your strangely shaped body.


Message History

You claw the wolf spider, but do no damage.
The wolf spider is moderately wounded.
The wolf spider completely misses you. The wolf spider barely misses you.
The wolf spider bites you!
* * * LOW HITPOINT WARNING * * *
Unknown command.
You feel much better.
You feel sick. The wolf spider misses you. The wolf spider bites you!
* * * LOW HITPOINT WARNING * * *
The wolf spider misses you.
You riposte.
You hit the wolf spider. You burn the wolf spider.
Your kick misses the wolf spider.
The wolf spider is moderately wounded.
The wolf spider closely misses you. The moth of wrath bites you!
* * * LOW HITPOINT WARNING * * *
The wolf spider hits you.
* * * LOW HITPOINT WARNING * * *
The wolf spider bites you but does no damage.
The wolf spider hits you but does no damage.
The wolf spider bites you!
You die...

..#...#^^#..#....####....#..##..#
##.......##.....^####....#...#^##
#.......#.........#...........##
##...........#....#...........# #
###...#....##.###...........####
###....#.##.###.......[....###.
##..###...#..#.#....#..#....#...
#.........#.^....#[.#...........
#..#.....^.....@y#..#........^#.
###........##..ss......^###....^
##..#..#..............#..[...#
#....#...#...#.......##....##.
####.#.....#....#.....>.#.....
#.(#^......#.#.........^..^#
###.....###..##.#..#...#....<.
#.....### #####.^............#
#..#..^# #^.#.^..........


You could see 2 wolf spiders and a moth of wrath.

Vanquished Creatures
  Nikola (Spider:3)
  2 thorn hunters (Swamp:4)
  2 emperor scorpions
  Louise (Spider:3)
  A ghost moth (Spider:2)
  2 entropy weavers
  Nessos (D:13)
  A spark wasp (Spider:3)
  A minotaur (Lab)
  An ettin (D:15)
  2 ogre magi (Orc:2)
  A yaktaur captain (D:13)
  18 hydras
  2 catoblepae
  9 alligators
  4 centaur warriors
  14 two-headed ogres
  2 tengu warriors
  A spriggan berserker (Swamp:4)
  13 spriggans
  8 skeletal warriors
  An unseen horror (D:13)
  3 deep trolls
  2 spriggan druids
  17 swamp dragons
  An obsidian statue (D:13)
  2 shambling mangroves (Swamp:3)
  A lindwurm (Lair:6)
  Pikel (D:7)
  An orc knight (Orc:2)
  2 deep elf magi
  12 wolf spiders
  A manticore (D:11)
  5 orb spiders
  A moth of wrath (Spider:2)
  3 cyclopes
  13 ugly things
  6 elephants
  6 black mambas
  10 spiny frogs
  4 centaur skeletons
  6 torpor snails (Lair:6)
  5 rime drakes
  5 kobold demonologists
  An efreet (D:13)
  A komodo dragon (shapeshifter) (Lair:2)
  2 yaktaurs (D:13)
  7 komodo dragons
  9 demonic crawlers
  18 trolls
  3 tengu conjurers
  16 jumping spiders
  A queen bee (Lair:2)
  16 tyrant leeches
  A polar bear (Lair:3)
  16 slime creatures
  Grinder (D:3)
  19 hornets
  16 bog bodies
  26 blink frogs
  9 hippogriffs
  3 wraiths
  14 tarantellas
  29 redbacks
  4 shadows
  2 wyverns (Lair:3)
  5 basilisks
  78 yaks
  2 vampires
  15 vampire mosquitoes
  4 hungry ghosts
  The ghost of Curus the Changer, an amateur MfTm (D:4)
  Menkaure (D:6)
  An acid dragon (D:14)
  18 insubstantial wisps
  3 wargs
  14 swamp worms
  13 water moccasins
  A soldier ant (D:12)
  7 porcupines
  Duvessa (D:7)
  3 slaves (D:7)
  20 orc warriors
  15 swamp drakes
  4 ice beasts
  2 black bears
  3 sky beasts
  7 wolves
  14 centaurs
  32 ogres
  13 crocodiles
  18 big kobolds
  A gnoll sergeant (D:10)
  19 bullfrogs
  Dowan (D:7)
  8 scorpions
  A wyvern skeleton (D:9)
  23 killer bees (Lair:2)
  9 wights
  An electric eel (Lair:1)
  7 howler monkeys
  6 crimson imps
  A quasit (D:13)
  A bullfrog zombie (D:8)
  5 centaur zombies
  5 jellies
  3 bullfrog skeletons
  5 hounds
  23 orc priests
  3 iron imps (D:13)
  Jessica (D:2)
  2 iguanas
  20 orc wizards
  Ijyb (D:3)
  Terence (D:2)
  12 worker ants
  2 hound skeletons
  A worker ant zombie (D:11)
  8 gnolls
  A howler monkey skeleton (D:7)
  7 adders
  A hound simulacrum (D:10)
  3 shadow imps
  12 white imps (Orc:1)
  A worker ant simulacrum (D:10)
  2 ufetubi
  An ooze (D:1)
  2 adder skeletons
  An adder zombie (D:9)
  4 worms
  A dart slug (D:2)
  2 leopard geckos
  92 orcs
  2 giant cockroaches
  2 gnoll zombies (D:4)
  6 goblins
  5 hobgoblins
  11 jackals
  42 kobolds
  8 quokkas
  3 bats
  3 frilled lizards
  A jackal skeleton (D:5)
  6 rats
  2 briar patches (Swamp:4)
  2 bushes (D:13)
  A plant (Lair:6)
1098 creatures vanquished.

Vanquished Creatures (collateral kills)
  A redback (Spider:3)
1 creature vanquished.

Vanquished Creatures (others)
  A spriggan berserker (Swamp:4)
  A spriggan druid (Swamp:4)
  A tyrant leech (Swamp:4)
  A hornet (Swamp:4)
  A porcupine (Lair:2)
  A swamp drake (Swamp:4)
  A slave (D:7)
  A briar patch (Swamp:4)
  A bush (D:13)
  7 fungi
  13 plants
29 creatures vanquished.

Grand Total: 1128 creatures vanquished

Notes
Turn   | Place    | Note
-------+----------+-------------------------------------------
     0 | D:1      | PegasusDuck the Tengu Wanderer began the quest for the Orb.
     0 | D:1      | PegasusDuck set off with: a +2 dagger, a scroll of blinking, a potion of curing, a +0 quarterstaff, a +0 robe, a ration
     0 | D:1      | Reached XP level 1. HP: 14/14 MP: 2/2
   197 | D:1      | Reached skill level 1 in Armour
   197 | D:1      | Reached XP level 2. HP: 12/19 MP: 3/3
   337 | D:1      | Reached skill level 1 in Dodging
   880 | D:2      | Found an iron altar of Okawaru.
  1337 | D:2      | Reached XP level 3. HP: 13/23 MP: 4/4
  1507 | D:2      | Noticed Terence
  1721 | D:2      | Killed Terence
  1721 | D:2      | Reached XP level 4. HP: 24/29 MP: 5/5
  1825 | D:2      | Noticed Jessica
  1838 | D:2      | Killed Jessica
  1870 | D:3      | Noticed a two-headed ogre
  2042 | D:3      | Gained mutation: You can fly. [Tengu growth]
  2042 | D:3      | Reached XP level 5. HP: 32/33 MP: 6/6
  2151 | D:3      | Noticed Grinder
  2607 | D:4      | Noticed Curus's ghost (amateur MfTm)
  2689 | D:4      | Reached skill level 4 in Fighting
  2702 | D:4      | Killed Curus's ghost
  2702 | D:4      | Reached XP level 6. HP: 22/39 MP: 7/7
  3453 | D:4      | Found a stormy altar of Qazlal.
  3657 | D:4      | Found a basalt altar of Yredelemnul.
  3773 | D:4      | Reached skill level 5 in Fighting
  3868 | D:5      | Entered Level 5 of the Dungeon
  3941 | D:5      | Noticed an ice beast
  3945 | D:5      | Killed an ice beast
  3945 | D:5      | Reached XP level 7. HP: 41/44 MP: 8/8
  5139 | D:6      | Noticed Menkaure
  5142 | D:6      | Killed Menkaure
  5142 | D:6      | Reached skill level 5 in Armour
  5142 | D:6      | Reached skill level 5 in Dodging
  5198 | D:6      | Reached XP level 8. HP: 49/49 MP: 9/9
  5396 | D:6      | Reached skill level 5 in Staves
  5547 | D:6      | Reached skill level 6 in Fighting
  5895 | D:6      | Found a glowing golden altar of the Shining One.
  5941 | D:6      | Reached skill level 7 in Fighting
  6018 | D:6      | Reached XP level 9. HP: 55/59 MP: 10/10
  6327 | D:7      | Reached skill level 8 in Fighting
  6604 | D:7      | Noticed Duvessa
  6606 | D:7      | Noticed Dowan
  6616 | D:7      | Reached skill level 9 in Fighting
  6619 | D:7      | Killed Duvessa
  6629 | D:7      | Killed Dowan
  6904 | D:7      | Found a staircase to the Ecumenical Temple.
  6996 | D:6      | Reached skill level 10 in Fighting
  7621 | D:7      | Noticed Pikel
  7651 | D:7      | Killed Pikel
  8345 | Temple   | Entered the Ecumenical Temple
  8443 | Temple   | Became a worshipper of Ashenzari the Shackled
  8796 | D:8      | Reached XP level 10. HP: 68/68 MP: 11/11
  9586 | D:9      | Noticed a two-headed ogre
  9592 | D:9      | Killed a two-headed ogre
  9797 | D:9      | Reached skill level 5 in Maces & Flails
 10231 | D:3      | Killed Grinder
 10396 | D:3      | Found a shadowy altar of Dithmenos.
 10446 | D:3      | Noticed Ijyb
 10452 | D:3      | Paralysed by Ijyb for 3 turns
 10460 | D:3      | Killed Ijyb
 10531 | D:3      | Reached * piety under Ashenzari
 10618 | D:3      | Killed a two-headed ogre
 11241 | D:9      | Identified the +3 long sword of Gasox {slice, +Inv Int+3}
 11394 | D:9      | Reached skill level 10 in Armour
 11869 | D:9      | Reached XP level 11. HP: 58/72 MP: 12/12
 13305 | D:10     | Entered Level 10 of the Dungeon
 13407 | D:10     | Found a staircase to the Lair.
 13707 | D:10     | Reached skill level 10 in Maces & Flails
 14357 | Lair:1   | Entered Level 1 of the Lair of Beasts
 14357 | Lair:1   | Reached ** piety under Ashenzari
 14985 | D:11     | Noticed a manticore
 14998 | D:11     | Killed a manticore
 15144 | D:11     | Noticed a green ugly thing
 15149 | D:11     | Killed a green ugly thing
 15165 | D:11     | Noticed a green ugly thing
 15179 | D:11     | Killed a green ugly thing
 15501 | D:11     | Noticed a centaur warrior
 15803 | D:11     | Killed a centaur warrior
 15932 | D:11     | Found a roughly hewn altar of Beogh.
 15937 | D:11     | Found a staircase to the Orcish Mines.
 16644 | Orc:1    | Entered Level 1 of the Orcish Mines
 16728 | D:11     | Reached XP level 12. HP: 50/77 MP: 13/13
 16826 | Orc:1    | Reached *** piety under Ashenzari
 16945 | Orc:2    | Entered Level 2 of the Orcish Mines
 18294 | Lair:1   | Reached skill level 10 in Dodging
 19346 | Lair:2   | Found a staircase to the Swamp.
 19651 | Lair:2   | Noticed Sonja
 19655 | Lair:2   | Noticed Sonja
 19655 | Lair:2   | Sonja changed into Sonja the shapeshifter
 19656 | Lair:2   | Noticed Sonja
 19656 | Lair:2   | Sonja the shapeshifter changed into Sonja the komodo dragon
 19669 | Lair:2   | Killed Sonja the komodo dragon
 20710 | Lair:2   | Reached skill level 11 in Fighting
 20772 | Lair:2   | Reached XP level 13. HP: 46/84 MP: 14/14
 21127 | Lair:3   | Reached **** piety under Ashenzari
 21592 | Lair:3   | Reached skill level 12 in Fighting
 21850 | Lair:3   | Found a hole to the Spider Nest.
 22960 | Lair:4   | Identified the +2 pair of gloves "Otiduil" {Regen+ rCorr Int+2}
 23266 | Lair:3   | Reached skill level 13 in Fighting
 23308 | Lair:4   | Reached skill level 1 in Spellcasting
 23722 | Lair:4   | Learned a level 1 spell: Summon Butterflies
 24914 | Lair:5   | Reached skill level 1 in Summonings
 24998 | Lair:5   | Found a staircase to the Slime Pits.
 25172 | Lair:5   | Identified the +0 trident "Famadud" {pierce, Dex+3}
 25848 | Lair:6   | Entered Level 6 of the Lair of Beasts
 26099 | Lair:6   | Gained mutation: You can fly continuously. [Tengu growth]
 26099 | Lair:6   | Reached XP level 14. HP: 85/94 MP: 20/20
 26690 | Lair:6   | Found a runed door.
 27765 | Orc:2    | Reached skill level 14 in Fighting
 27846 | Orc:1    | Found an iron altar of Okawaru.
 27888 | Orc:1    | Reached ***** piety under Ashenzari
 28384 | Orc:2    | Reached skill level 5 in Spellcasting
 28508 | Orc:2    | Found a staircase to the Elven Halls.
 28842 | Orc:2    | Found Miwuanwa's Armour Emporium.
 28845 | Orc:2    | Found Oxan's General Store.
 28848 | Orc:2    | Found Fecalum's Distillery.
 28884 | Orc:2    | Bought a potion of heal wounds for 65 gold pieces
 28886 | Orc:2    | Found Suxaos's Weapon Shoppe.
 28890 | Orc:2    | Bought a potion of heal wounds for 55 gold pieces
 28890 | Orc:2    | Bought a potion of heal wounds for 55 gold pieces
 28890 | Orc:2    | Bought a potion of heal wounds for 55 gold pieces
 28903 | Orc:2    | Bought the +7 great sword of Piepluh {flame, Int+4} for 869 gold pieces
 29117 | Orc:2    | Reached skill level 1 in Long Blades
 29352 | D:12     | Identified the +5 ring mail "Niucef" {Slay+3}
 29375 | D:12     | Reached XP level 15. HP: 89/101 MP: 24/24
 29725 | D:12     | Reached skill level 5 in Long Blades
 30133 | D:13     | Found a labyrinth entrance.
 30208 | Lab      | Entered a labyrinth
 30472 | Lab      | Identified the ring "Zyschug" {Ice *Drain rPois rN+ Int+4} (You took it off a minotaur in a labyrinth)
 30472 | Lab      | Identified the cursed +1 scale mail of Tesi {rElec rF- rC+++ rCorr} (You took it off a minotaur in a labyrinth)
 30563 | D:13     | Noticed Nessos
 30856 | D:13     | Killed Nessos
 30963 | D:13     | Found a gate to the Vaults.
 31779 | D:14     | Reached skill level 10 in Long Blades
 31948 | D:14     | Noticed Roxanne
 32495 | D:15     | Entered Level 15 of the Dungeon
 32607 | D:15     | Identified the +0 quarterstaff of Autumn {freeze, MR+ Str+4} (You took it off a tengu conjurer on level 15 of the Dungeon)
 32873 | D:15     | Identified the +2 robe "Kohyv" {*Contam rPois rCorr Dex+2} (You took it off a vampire on level 15 of the Dungeon)
 33156 | D:15     | Reached XP level 16. HP: 102/106 MP: 25/25
 33470 | D:15     | Found a staircase to the Depths.
 33882 | Swamp:1  | Entered Level 1 of the Swamp
 34531 | Swamp:1  | Reached ****** piety under Ashenzari
 35565 | Swamp:2  | Reached skill level 15 in Fighting
 36684 | Swamp:4  | Entered Level 4 of the Swamp
 36684 | Swamp:4  | Noticed a thorn hunter
 36703 | Swamp:4  | Killed a thorn hunter
 37506 | Swamp:4  | Reached XP level 17. HP: 87/113 MP: 30/30
 37980 | Swamp:4  | Reached skill level 16 in Fighting
 38239 | Swamp:4  | Reached skill level 10 in Spellcasting
 38691 | Swamp:4  | Got a decaying rune of Zot
 38930 | Spider:1 | Entered Level 1 of the Spider Nest
 39402 | Spider:1 | Reached skill level 5 in Summonings
 40072 | Spider:2 | Learned a level 7 spell: Monstrous Menagerie
 40464 | Spider:3 | Noticed Nikola
 40467 | Spider:4 | Entered Level 4 of the Spider Nest
 40471 | Spider:4 | Identified the ring "Felitef" {*Tele rF++ Int+4}
 40475 | Spider:4 | Noticed Asterion
 40484 | Spider:4 | Gained mutation: Armour fits poorly on your strangely shaped body. [a cacodemon]
 40658 | Spider:3 | Noticed Louise
 40662 | Spider:3 | Killed Nikola
 40679 | Spider:3 | Reached XP level 18. HP: 110/120 MP: 31/34
 40695 | Spider:3 | Killed Louise
 41465 | Spider:3 | HP: 4/120 [wolf spider (15)]
 41466 | Spider:3 | Slain by a wolf spider

Vault maps used:
D:1:      scummos_arrival_forest
D:2:      lemuel_doored_altar, uniq_terence, uniq_jessica
D:3:      grunt_dithmenos_smoke_and_mirrors, uniq_grinder, uniq_ijyb
D:4:      lemuel_zombie_altar_yredelemnul, nicolae_qazlal_general_emergency
D:5:      first_ration
D:6:      tso_altar, serial_bayou_pond_a, grunt_ministairs_1, uniq_menkaure
D:7:      temple_doors_e, uniq_duvessa, uniq_pikel
D:9:      grunt_ogre_cave, glass_columns_a
D:10:     grunt_lair_entry_orc_guard_hut, serial_ice, serial_ice_a,
          serial_ice_g, serial_ice_e, serial_ice_n
D:11:     david_orc_5
D:12:     pond
D:13:     kennysheep_kobold_grotto, david_vaults_2, lab_entry_generic,
          uniq_nessos
D:14:     lemuel_nasty_fountain, uniq_roxanne
D:15:     hangedman_depths_entry_civil_slaughter, serial_bayou_pond_c
Temple:   minmay_temple_bridge_d
Lair:1:   st_stairs_11, serial_bayou_pond_e, grunt_megastairs_3,
          serial_bayou_shore_b, lemuel_fruit_tree, infiniplex_staircase_pool,
          minmay_lair_oklob_chamber
Lair:2:   minmay_swamp_entry_wisps, special_room, uniq_sonja
Lair:3:   spider_nest_entry_a, beast_lair_carwin_6
Lair:5:   slime_dummy, beast_lair_carwin_2
Lair:6:   wormcave, hibernation_bobbens
Swamp:1:  nicolae_swamp_very_dense_foliage, swamp_pool3
Swamp:2:  evilmike_swamp_ruin_house_3
Swamp:3:  nicolae_swamp_fairy_circle
Swamp:4:  swamp_basic_johnstein, swamp_pool3
Spider:1: einodemon_crawler_minivault
Spider:2: spider_temple_joshua
Spider:3: uniq_nikola, uniq_louise
Spider:4: grunt_spider_rune_circles, nicolae_orb_stairs, uniq_asterion
Orc:1:    portal_ice_cave_entry_imps, okawaru_metal_pillars_1_2
Orc:2:    st_orc_open
Lab:      labyrinth_watery, labyrinth_lava_lair

Skill      XL: |  1  2  3  4  5  6  7  8  9 10 11 12 13 14 15 16 17 18 |
---------------+-------------------------------------------------------+-----
Armour         | 1 2 3 5 7 10 12 | 12.6
Dodging        | 1 2 3 5 7 12 | 12.0
Fighting       | 4 5 7 10 11 13 14 15 16 | 16.0
Staves         | 3 4 5 |  5.7
Maces & Flails | 7 11 | 11.5
Spellcasting   | 3 5 8 11 12 | 12.1
Shields        | 2 4 |  4.0
Summonings     | 2 3 8 9 |  9.0
Long Blades    | 2 12 14 | 14.0
Short Blades   | |  0.2
Stealth        | |  1.0
Evocations     | |  1.0

Action                   |  1- 3 |  4- 6 |  7- 9 | 10-12 | 13-15 | 16-18 || total
-------------------------+-------+-------+-------+-------+-------+-------++-------
Melee: Dagger            |    86 |    15 |       |       |       |       ||   101
       Kick              |    20 |    26 |    78 |   408 |   658 |   309 ||  1499
       Peck              |     5 |    21 |    61 |   234 |   384 |   203 ||   908
       Quarterstaff      |       |   101 |   253 |       |       |       ||   354
       Whip              |       |       |    45 |  1353 |  1378 |       ||  2776
       Great sword       |       |       |       |       |   473 |   945 ||  1418
 Fire: Blowgun           |       |       |    11 |       |       |       ||    11
 Cast: Summon Butterflie |       |       |       |       |    24 |    23 ||    47
       Monstrous Menager |       |       |       |       |       |     2 ||     2
Invok: Curse Item        |       |       |     2 |     4 |     2 |     1 ||     9
       Scrying           |       |       |       |       |     1 |       ||     1
 Abil: Fly               |       |     2 |     2 |    22 |    13 |       ||    39
Evoke: Wand              |       |     2 |    13 |    32 |    42 |    25 ||   114
       Sack of spiders   |       |       |       |       |     2 |     2 ||     4
  Use: Scroll            |     9 |     9 |     4 |    11 |    12 |    13 ||    58
       Potion            |     3 |       |       |     5 |     4 |    15 ||    27
 Stab: Sleeping          |     1 |       |       |       |       |       ||     1
       Paralysed         |       |       |       |    12 |       |     8 ||    20
       Petrified         |       |       |       |       |     2 |       ||     2
       Petrifying        |       |       |       |       |     1 |       ||     1
       Distracted        |       |       |       |       |     1 |     1 ||     2
       Confused          |       |       |       |       |     1 |       ||     1
  Eat: Chunk             |     2 |     4 |     6 |    30 |    35 |    16 ||    93
       Ration            |       |     1 |     3 |     4 |     2 |     3 ||    13
Armor: Robe              |     3 |       |       |       |       |       ||     3
       Ring mail         |    25 |    42 |   128 |   259 |   422 |   298 ||  1174
       Skin              |       |       |       |    27 |       |       ||    27
Dodge: Dodged            |    46 |    73 |   219 |   785 |  1350 |  1117 ||  3590
Block: Buckler           |       |       |       |       |   129 |       ||   129
       Rpst.: Great sword |       |       |       |       |   151 |   193 ||   344

Table legend:
 A = Spawn XP
 B = Non-spawn XP
 C = Spawn XP percentage of total XP
 D = Spawn monster count
 E = Non-spawn monster count
 F = Spawn count percentage of total count
 G = Total turns spent on level
                    A         B        C        D         E        F      G
               +---------+---------+-------+---------+---------+-------+---------
         Total |       0 |  254601 |   0.0 |       0 |    1096 |   0.0 | 41466
               +---------+---------+-------+---------+---------+-------+---------
           D:1 |       0 |      24 |   0.0 |       0 |      11 |   0.0 |  1107
           D:2 |       0 |     109 |   0.0 |       0 |      16 |   0.0 |   824
           D:3 |       0 |    1251 |   0.0 |       0 |      22 |   0.0 |   894
           D:4 |       0 |     358 |   0.0 |       0 |      12 |   0.0 |  1711
           D:5 |       0 |     502 |   0.0 |       0 |      16 |   0.0 |  1458
           D:6 |       0 |    1357 |   0.0 |       0 |      29 |   0.0 |  1400
           D:7 |       0 |    2050 |   0.0 |       0 |      25 |   0.0 |  2109
           D:8 |       0 |    2072 |   0.0 |       0 |      32 |   0.0 |  1899
           D:9 |       0 |    3095 |   0.0 |       0 |      38 |   0.0 |  1682
          D:10 |       0 |    3112 |   0.0 |       0 |      38 |   0.0 |  2107
          D:11 |       0 |    4435 |   0.0 |       0 |      56 |   0.0 |  1883
          D:12 |       0 |    5799 |   0.0 |       0 |      49 |   0.0 |  1011
          D:13 |       0 |   15053 |   0.0 |       0 |      75 |   0.0 |  1027
          D:14 |       0 |    7972 |   0.0 |       0 |      25 |   0.0 |  1018
          D:15 |       0 |   19166 |   0.0 |       0 |      48 |   0.0 |  1158
        Lair:1 |       0 |    5819 |   0.0 |       0 |      31 |   0.0 |  1745
        Lair:2 |       0 |    7216 |   0.0 |       0 |      56 |   0.0 |  2404
        Lair:3 |       0 |    8648 |   0.0 |       0 |      34 |   0.0 |  1799
        Lair:4 |       0 |    7598 |   0.0 |       0 |      33 |   0.0 |  1421
        Lair:5 |       0 |    3281 |   0.0 |       0 |      11 |   0.0 |  1162
        Lair:6 |       0 |   13936 |   0.0 |       0 |      45 |   0.0 |  1725
       Swamp:1 |       0 |   13660 |   0.0 |       0 |      34 |   0.0 |  1211
       Swamp:2 |       0 |    9477 |   0.0 |       0 |      26 |   0.0 |   763
       Swamp:3 |       0 |    8110 |   0.0 |       0 |      23 |   0.0 |   923
       Swamp:4 |       0 |   44413 |   0.0 |       0 |     100 |   0.0 |  2100
      Spider:1 |       0 |    9626 |   0.0 |       0 |      25 |   0.0 |   754
      Spider:2 |       0 |   17435 |   0.0 |       0 |      46 |   0.0 |   884
      Spider:3 |       0 |   16443 |   0.0 |       0 |      30 |   0.0 |   864
      Spider:4 |       0 |     656 |   0.0 |       0 |       2 |   0.0 |    34
         Orc:1 |       0 |    2575 |   0.0 |       0 |      37 |   0.0 |   664
         Orc:2 |       0 |   18138 |   0.0 |       0 |      70 |   0.0 |  1216
           Lab |       0 |    1215 |   0.0 |       0 |       1 |   0.0 |   274
               +---------+---------+-------+---------+---------+-------+---------
